 Dungeon Crawl Stone Soup version 0.19.5 (webtiles) character file.

104341 Gargoyl the Protected (level 16, -35/141 HPs)
             Began as a Ghoul Abyssal Knight on May 12, 2017.
             Was the Champion of Lugonu.
             Killed from afar by a deep elf mage (37 damage)
             ... with a bolt of magma
             ... on level 1 of the Elven Halls on May 15, 2017.
             The game lasted 01:12:32 (25914 turns).

Gargoyl the Protected (Ghoul Abyssal Knight)       Turns: 25914, Time: 01:12:33

Health: -35/141    AC: 31    Str: 22    XL:     16   Next: 38%
Magic:  29/29      EV:  3    Int: 12    God:    Lugonu [******]
Gold:   1366       SH:  0    Dex: 12    Spells: 0 memorised, 35 levels left

rFire  . . .     SeeInvis +     y - +5 flail of the Everdark {drain, rPois SInv}
rCold  + . .     Gourm    .     u - +3 plate armour {MR+}
rNeg   + + +     Faith    .     N - +0 large shield
rPois  ∞         Spirit   .     v - +2 helmet
rElec  .         Reflect  .     f - +1 cloak {MR+}
rCorr  .         Harm     .     F - +2 pair of gloves {Str+3}
MR     +++++                    r - +0 pair of boots
Stlth  ..........               l - amulet of regeneration
                                x - ring of protection from magic
                                I - ring of protection from magic

@: confused, brilliant, rotting
A: rotting body, claws 1, carnivore 3, cold resistance 1, negative energy
resistance 3, slow regeneration 1, torment resistance, unbreathing
a: Depart the Abyss, Bend Space, Banish, Corrupt, Enter the Abyss, Brand Weapon
With Distortion, Renounce Religion


You were on level 1 of the Elven Halls.
You worshipped Lugonu.
Lugonu was exalted by your worship.
You were not hungry.

You visited 4 branches of the dungeon, and saw 24 of its levels.
You visited the Abyss 1 time.
You also visited: Sewer and Ossuary.

You collected 2570 gold pieces.
You spent 1204 gold pieces at shops.

Inventory:

Hand Weapons
 e - a +4 hand axe of electrocution
 p - a +1 war axe
 y - the +5 flail of the Everdark (weapon) {drain, rPois SInv}
   (You bought it in a shop on level 4 of the Dungeon)

   A truly terrible weapon, it drains the life of those it strikes.
   It protects you from poison.
   It lets you see invisible.
 Q - a +2 hand axe of flaming
Missiles
 w - 4 javelins of returning (quivered)
Armour
 f - a +1 cloak of magic resistance (worn)
 r - a +0 pair of boots (worn)
 u - a +3 plate armour of magic resistance (worn)
 v - a +2 helmet (worn)
 F - a +2 pair of gloves of strength (worn)
 N - a +0 large shield (worn)
Jewellery
 j - an uncursed ring of protection from cold
 l - an amulet of regeneration (around neck)
 x - a ring of protection from magic (right hand)
 G - an uncursed ring of flight
 I - a ring of protection from magic (left hand)
 R - an uncursed ring of protection from fire
Wands
 a - a wand of disintegration (8/24)
 k - a wand of iceblast (8/15)
 o - a wand of acid (6/15)
 C - a wand of iceblast (5/15)
 M - a wand of lightning (2/15)
 P - a wand of acid (6/15)
Scrolls
 b - 10 scrolls of teleportation
 h - 8 scrolls of identify
 q - a scroll of fear
 z - 2 scrolls of recharging
 A - 8 scrolls of remove curse
 B - a scroll of blinking
 E - 4 scrolls of magic mapping
 O - a scroll of torment
 U - 2 scrolls of fog
Potions
 d - 2 potions of might
 i - 4 potions of haste
 n - 2 potions of cancellation
 s - 3 potions of invisibility
 t - 3 potions of ambrosia
 D - 2 potions of resistance
 H - 3 potions of agility
 L - 4 potions of flight
Comestibles
 c - 7 meat rations
 g - 8 beef jerkies
 K - 16 slices of pizza


   Skills:
 + Level 12.8 Fighting
 + Level 8.0(12.0) Axes
 + Level 13.9(14.6) Maces & Flails
 * Level 14.4 Armour
 + Level 2.5 Dodging
 + Level 0.2 Stealth
 * Level 10.1 Spellcasting
 - Level 2.0 Invocations


You had 35 spell levels left.
You didn't know any spells.

Dungeon Overview and Level Annotations

Branches:
Dungeon (15/15)            Temple (0/1) D:6            Lair (6/6) D:8
 Shoals (0/4) Lair:3        Snake (0/4) Lair:4        Slime (0/5) Lair:6
    Orc (2/2) D:9             Elf (1/3) Orc:2        Vaults (0/5) D:14
 Depths (0/5) D:15

Altars:
Ashenzari
Dithmenos
Fedhas
Gozag
Kikubaaqudgha
Nemelex Xobeh
Qazlal
Ru
Sif Muna
Trog
Vehumet
Yredelemnul
Zin
The Shining One
Beogh

Shops:
D:4 (   D:5 :   D:6 [   D:7 }   D:8 [   D:9 !   D:11 }   Orc:2 [(=[   Elf:1 =

Annotations:
Lair:1 1 exclusion


Innate Abilities, Weirdness & Mutations

Your body is rotting away.
You thrive on raw meat.
You are immune to poison.
You have sharp fingernails.
You are carnivorous and can eat meat at any time.
Your flesh is cold resistant. (rC+)
You are immune to negative energy. (rN+++)
You regenerate slowly when monsters are visible.
You are immune to unholy pain and torment.
You can survive without breathing.


Message History

The deep elf mage is devoured by a tear in reality.
Lugonu claims a new guest.
The earth elemental disappears in a puff of smoke! x2
You feel somewhat more hungry. You block the earth elemental's attack.
The deep elf archer shoots an arrow.
You block the arrow.
The deep elf mage gestures wildly while chanting.
The deep elf mage blinks!
It was a potion of brilliance.
You feel clever all of a sudden.
The deep elf mage mumbles some strange words.
The deep elf mage blinks!
The deep elf archer shoots an arrow.
The arrow hits you!
* * * LOW HITPOINT WARNING * * *
The deep elf mage hits you but does no damage.
You are confused.
You feel invigorated. The earth elemental hits you!!
* * * LOW HITPOINT WARNING * * *
The deep elf mage gestures at you while chanting.
The bolt of magma hits you!
You die...

##### ###...### ####
#.......#
##..######)......#
....'....'(e....§#
#'..######.....(.# .####.##
#§.....e#
#####..###'#..(§@## ##
###8.8.8#.#####E#e##...#
#..⌠.⌠.'##....(........ ##
##.8.∩.8###.####(####.. ..#
.'..⌠.⌠.# #.#...)...# ...#
##.8.8.8.'..#....(..# ....'
#.......##.#.....%.#§....#
#.........#.....8..(......#
#.........#.#.......#...+##


You could see a deep elf archer, an earth elemental and 2 deep elf magi.

Vanquished Creatures
  Saint Roka (Orc:2)
  Kirke (Lair:4)
  A deep elf annihilator (Orc:2)
  Nessos (Orc:2)
  A dire elephant (Lair:6)
  An ettin (Orc:2)
  2 vault guards (D:14)
  4 hydras
  The ghost of Mirrec the Severer, a journeyman MiBe of Trog (Orc:2)
  2 catoblepae
  3 centaur warriors (D:15)
  4 dancing weapons
  4 death yaks (Lair:6)
  2 tengu warriors (D:13)
  A deep troll shaman (Lair:6)
  The ghost of siprus the Basher, a novice DsFi of Kikubaaqudgha (D:12)
  A deep elf knight (Elf:1)
  5 skeletal warriors
  3 unseen horrors
  A wizard (D:14)
  3 deep elf archers (Elf:1)
  4 hill giants
  Pikel (D:6)
  2 necromancers (D:14)
  3 orc knights
  A phantasmal warrior (D:15)
  2 orc sorcerers (Orc:2)
  2 manticores
  A fire giant zombie (D:15)
  18 ugly things
  14 deep elf magi
  A cyclops (Orc:2)
  7 elephants (Lair:6)
  A torpor snail (Lair:5)
  3 black mambas
  Psyche (D:9)
  7 spiny frogs
  A gargoyle (D:11)
  3 efreet
  A rime drake (Lair:6)
  A freezing wraith (D:15)
  A komodo dragon (shapeshifter) (D:13)
  2 komodo dragons
  A yaktaur (shapeshifter) (Elf:1)
  7 trolls
  A tengu conjurer (D:14)
  3 two-headed ogres
  2 hornets
  5 polar bears (D:12)
  19 slime creatures
  3 blink frogs (Lair:2)
  8 hippogriffs
  A snapping turtle (Lair:3)
  An ettin zombie (D:15)
  A deep troll zombie (D:15)
  A water elemental (D:12)
  A centaur simulacrum (D:12)
  3 shadows
  A wraith (D:12)
  2 wyverns
  3 fire elementals (Elf:1)
  20 humans
  44 yaks
  A steam dragon (D:10)
  2 hungry ghosts
  Eustachio (D:6)
  4 vampire mosquitoes
  5 hogs
  A basilisk (D:15)
  A mottled dragon (D:13)
  5 wargs
  4 nagas (Lair:4)
  A soldier ant (D:11)
  10 water moccasins
  Purgy (Sewer)
  4 floating eyes (D:10)
  A tengu skeleton (D:15)
  2 meliai simulacra (D:12)
  42 orc warriors
  6 porcupines
  4 ice beasts (D:12)
  3 black bears
  4 slaves (D:6)
  17 ogres
  A phantom (D:11)
  3 necrophages
  6 sky beasts
  25 wolves
  3 boggarts (D:14)
  11 centaurs
  14 crocodiles
  A big kobold (D:11)
  19 bullfrogs
  2 water moccasin zombies (Ossuary)
  A hornet simulacrum (D:14)
  5 scorpions
  6 killer bees
  3 electric eels
  2 howler monkeys
  10 wights
  3 centaur zombies
  A bullfrog zombie (D:7)
  6 crimson imps
  A wyvern simulacrum (D:12)
  31 orc priests
  5 hounds
  7 jellies
  6 centaur skeletons
  2 bullfrog skeletons
  A gnoll shaman (D:7)
  30 orc wizards
  2 iguanas
  11 worker ants
  A killer bee zombie (D:6)
  A big kobold zombie (Ossuary)
  2 human simulacra (D:14)
  2 hound skeletons
  2 mummies (Ossuary)
  A worker ant zombie (D:5)
  12 gnolls
  5 river rats (D:8)
  15 adders
  3 shadow imps
  3 white imps (D:12)
  2 ufetubi (D:12)
  4 oozes
  4 adder zombies (Ossuary)
  3 worms
  3 dart slugs (D:3)
  11 leopard geckos
  125 orcs
  7 giant cockroaches
  3 goblins
  A hobgoblin (D:1)
  15 jackals
  9 kobolds
  4 quokkas
  20 bats
  4 frilled lizards
  2 gnoll zombies (Ossuary)
  5 hobgoblin zombies (Ossuary)
  3 kobold zombies (Ossuary)
  8 orc zombies (Ossuary)
  A quokka zombie (D:4)
  12 rats
  A rat zombie (D:4)
  A plant (Lair:6)
  A withered plant (D:15)
880 creatures vanquished.

Vanquished Creatures (others)
  The ghost of siprus the Martial Artist, a journeyman DsFi of Qazlal (Lair:5)
  An unseen horror (D:13)
  A deep elf mage (Elf:1)
  A kobold demonologist (D:12)
  3 yaks (Lair:6)
  4 humans
  A water elemental (Elf:1)
  A boggart (D:14)
  A crocodile (Lair:5)
  A bullfrog (Lair:4)
  An orc wizard (D:6)
  An orc (D:12)
  12 fungi
  5 plants
  4 toadstools (D:1)
38 creatures vanquished.

Grand Total: 918 creatures vanquished

Notes
Turn   | Place    | Note
-------+----------+-------------------------------------------
     0 | Abyss:1  | Gargoyl the Ghoul Abyssal Knight began the quest for the Orb.
     0 | Abyss:1  | Reached XP level 1. HP: 19/19 MP: 1/1
    49 | Abyss:1  | Noticed a worldbinder
    51 | Abyss:1  | Noticed a shadow
    51 | Abyss:1  | Noticed a shadow
    51 | Abyss:1  | Noticed a wraith
    67 | Abyss:2  | Noticed a large abomination
    93 | Abyss:3  | Noticed an ancient zyme
   105 | D:1      | Escaped the Abyss
   229 | D:1      | Reached * piety under Lugonu
   259 | D:1      | Reached skill level 2 in Armour
   500 | D:2      | Reached XP level 2. HP: 23/26 MP: 2/2
   648 | D:2      | Reached skill level 1 in Spellcasting
   648 | D:2      | Reached XP level 3. HP: 23/33 MP: 3/3
   868 | D:2      | Found an opulent altar of Gozag.
   979 | D:2      | Found an ancient bone altar of Kikubaaqudgha.
  1462 | D:3      | Reached XP level 4. HP: 28/40 MP: 4/4
  1806 | D:3      | Found a sparkling altar of Nemelex Xobeh.
  1926 | D:3      | Found a glowing silver altar of Zin.
  1926 | D:3      | Found a sacrificial altar of Ru.
  2010 | D:3      | Reached skill level 1 in Dodging
  2010 | D:3      | Reached XP level 5. HP: 47/47 MP: 4/6
  2123 | D:3      | Reached ** piety under Lugonu
  2281 | D:3      | Reached skill level 3 in Armour
  2286 | D:3      | Reached XP level 6. HP: 28/53 MP: 7/7
  2615 | D:4      | Found a sparkling altar of Nemelex Xobeh.
  2950 | D:4      | Found a sand-covered staircase.
  2957 | Ossuary  | Entered an ossuary
  2988 | Ossuary  | Reached XP level 7. HP: 17/60 MP: 9/9
  3418 | Ossuary  | Reached *** piety under Lugonu
  3440 | Ossuary  | Reached skill level 5 in Fighting
  3583 | D:4      | Found Fuihivan's Antique Weapon Boutique.
  3587 | D:4      | Bought a faintly glowing flail for 161 gold pieces
  3587 | D:4      | Identified the +5 flail of the Everdark {drain, rPois SInv} (You bought it in a shop on level 4 of the Dungeon)
  3621 | D:4      | Reached skill level 4 in Armour
  4040 | D:5      | Entered Level 5 of the Dungeon
  4065 | D:5      | Found a bloodstained altar of Trog.
  4066 | D:5      | Found a blossoming altar of Fedhas.
  4066 | D:5      | Found a shattered altar of Ashenzari.
  4068 | D:5      | Found a stormy altar of Qazlal.
  4070 | D:5      | Found an opulent altar of Gozag.
  4070 | D:5      | Found a shadowy altar of Dithmenos.
  4071 | D:5      | Found a deep blue altar of Sif Muna.
  4091 | D:5      | Reached skill level 1 in Maces & Flails
  4193 | D:5      | Reached XP level 8. HP: 53/68 MP: 11/11
  4713 | D:5      | Found Pevud's Book Boutique.
  4736 | D:5      | Reached **** piety under Lugonu
  4793 | D:5      | Reached skill level 5 in Armour
  5340 | D:6      | Noticed Eustachio
  5349 | D:6      | Killed Eustachio
  5542 | D:6      | Reached XP level 9. HP: 74/75 MP: 12/14
  5598 | D:6      | Identified a scroll of acquirement
  5650 | D:6      | Noticed Pikel
  5664 | D:6      | Killed Pikel
  5664 | D:6      | Reached skill level 5 in Maces & Flails
  5673 | D:6      | Found a staircase to the Ecumenical Temple.
  5742 | D:6      | Found Vuups's Armour Shop.
  5750 | D:6      | Bought a +0 pair of boots for 58 gold pieces
  5806 | D:6      | Found a glowing drain.
  5823 | Sewer    | Entered a sewer
  5826 | Sewer    | Noticed Purgy
  5832 | Sewer    | Killed Purgy
  5887 | Sewer    | Identified the Compendium of the Gliding Traveller
  6303 | D:7      | Reached skill level 6 in Armour
  6327 | D:7      | Reached ***** piety under Lugonu
  6451 | D:7      | Reached XP level 10. HP: 33/83 MP: 16/16
  6462 | D:7      | Reached skill level 5 in Spellcasting
  6948 | D:7      | Found Ysuur's Gadget Shop.
  7047 | D:7      | Reached skill level 7 in Armour
  7193 | D:8      | Found a basalt altar of Yredelemnul.
  7672 | D:8      | Found a glowing golden altar of the Shining One.
  7862 | D:8      | Found Jeces's Armour Emporium.
  7870 | D:8      | Bought a +1 cloak of magic resistance for 247 gold pieces
  8057 | D:8      | Found a staircase to the Lair.
  8100 | Lair:1   | Entered Level 1 of the Lair of Beasts
  8197 | Lair:1   | Noticed a spiny frog
  8205 | Lair:1   | Killed a spiny frog
  8249 | Lair:1   | Reached XP level 11. HP: 83/91 MP: 18/18
  8684 | Lair:2   | Noticed an eight-headed hydra
  8701 | Lair:1   | Reached skill level 8 in Armour
  8776 | Lair:2   | Killed an eight-headed hydra
  9033 | Lair:2   | Reached ****** piety under Lugonu
 10184 | Lair:3   | Reached skill level 10 in Maces & Flails
 10193 | Lair:3   | Reached skill level 9 in Armour
 10289 | Lair:3   | Found a staircase to the Shoals.
 10455 | Lair:4   | Found a staircase to the Snake Pit.
 10471 | Lair:4   | Reached XP level 12. HP: 96/103 MP: 20/20
 10539 | Lair:4   | Noticed an eight-headed hydra
 10547 | Lair:4   | Killed an eight-headed hydra
 10795 | Lair:4   | Noticed an eight-headed hydra
 10811 | Lair:4   | Killed an eight-headed hydra
 11377 | Lair:5   | Reached skill level 10 in Armour
 11590 | Lair:5   | Noticed Kirke
 11622 | Lair:4   | Killed Kirke
 11676 | Lair:5   | Noticed siprus's ghost (journeyman DsFi)
 11724 | Lair:5   | Banished siprus's ghost
 12167 | Lair:6   | Entered Level 6 of the Lair of Beasts
 12233 | Lair:6   | Found a staircase to the Slime Pits.
 12336 | Lair:6   | Reached XP level 13. HP: 68/113 MP: 23/23
 12798 | Lair:6   | Reached skill level 10 in Fighting
 13314 | Lair:6   | Reached skill level 11 in Armour
 13326 | Lair:6   | Noticed a dire elephant
 13509 | Lair:6   | Killed a dire elephant
 13557 | Lair:6   | Identified the Catalogue of Lethal Transmigration
 14017 | D:9      | Noticed Psyche
 14022 | D:9      | Killed Psyche
 14515 | D:9      | Found Mozxoica's Distillery.
 14518 | D:9      | Bought a potion of haste for 140 gold pieces
 14703 | D:9      | Found a staircase to the Orcish Mines.
 14782 | D:10     | Entered Level 10 of the Dungeon
 15063 | D:10     | Got a faintly glowing flail
 15064 | D:10     | Identified the cursed +1 flail "Bisodon" {protect, +Fly Str+4} (You found it on level 10 of the Dungeon)
 15140 | D:10     | Got a steaming hand axe
 15141 | D:10     | Identified the cursed +1 hand axe of Division {chop, MP+9 Str-2 Int+8 Stlth+} (You found it on level 10 of the Dungeon)
 15174 | D:10     | Paralysed by a floating eye for 2 turns
 15186 | D:10     | Paralysed by a floating eye for 4 turns
 15195 | D:10     | Paralysed by a floating eye for 4 turns
 15222 | D:10     | Paralysed by a floating eye for 3 turns
 15231 | D:10     | Paralysed by a floating eye for 3 turns
 15235 | D:10     | Paralysed by a floating eye for 4 turns
 16001 | D:11     | Reached XP level 14. HP: 112/122 MP: 25/25
 16002 | D:11     | Found a roughly hewn altar of Beogh.
 16182 | D:11     | Found Fileghew's Gadget Shop.
 16281 | D:11     | Reached skill level 12 in Armour
 17066 | D:12     | Noticed siprus's ghost (novice DsFi)
 17084 | D:12     | Killed siprus's ghost
 17997 | D:13     | Reached skill level 5 in Axes
 20084 | D:14     | Found a gate to the Vaults.
 20168 | D:14     | Reached skill level 13 in Armour
 20386 | D:14     | Reached XP level 15. HP: 130/130 MP: 27/27
 21026 | D:15     | Entered Level 15 of the Dungeon
 21221 | D:15     | Found a staircase to the Depths.
 22135 | D:15     | Found a shadowy altar of Dithmenos.
 22411 | Orc:1    | Entered Level 1 of the Orcish Mines
 22772 | Orc:2    | Entered Level 2 of the Orcish Mines
 22772 | Orc:2    | Noticed Mirrec's ghost (journeyman MiBe)
 22799 | Orc:2    | Killed Mirrec's ghost
 23193 | Orc:2    | Found a roughly hewn altar of Beogh.
 23260 | Orc:2    | Found a roughly hewn altar of Beogh.
 23425 | Orc:2    | Found a roughly hewn altar of Beogh.
 23461 | Orc:2    | Found a radiant altar of Vehumet.
 23616 | Orc:2    | Reached skill level 14 in Armour
 23646 | Orc:2    | Found a roughly hewn altar of Beogh.
 23647 | Orc:2    | Found Bikh's Antique Armour Shop.
 23725 | Orc:2    | Found a staircase to the Elven Halls.
 23845 | Orc:2    | Noticed Nessos
 23877 | Orc:2    | Killed Nessos
 23954 | Orc:2    | Found a roughly hewn altar of Beogh.
 23958 | Orc:2    | Found Sisosico's Jewellery Boutique.
 24223 | Orc:2    | Found a roughly hewn altar of Beogh.
 24313 | Orc:2    | Noticed Saint Roka
 24318 | Orc:2    | Found Luylacs's Antique Weapon Emporium.
 24321 | Orc:2    | Found a roughly hewn altar of Beogh.
 24435 | Orc:2    | Found Painkut's Antique Armour Shoppe.
 24474 | Orc:2    | HP: 4/134 [Saint Roka/divine providence (12)]
 24480 | Orc:2    | Killed Saint Roka
 24480 | Orc:2    | Reached XP level 16. HP: 9/141 MP: 28/28
 24677 | Orc:2    | Bought a runed helmet for 273 gold pieces
 24752 | Orc:2    | Found a roughly hewn altar of Beogh.
 24797 | Elf:1    | Entered Level 1 of the Elven Halls
 24926 | Elf:1    | Found Ynkud's Jewellery Shoppe.
 25209 | Orc:2    | Reached skill level 10 in Spellcasting
 25842 | Elf:1    | Bought an uncursed ring of protection from fire for 325 gold pieces
 25914 | Elf:1    | HP: 2/141 [earth elemental[a deep elf mage] (24)]
 25914 | Elf:1    | Killed from afar by a deep elf mage

Skill      XL: |  1  2  3  4  5  6  7  8  9 10 11 12 13 14 15 16 |
---------------+-------------------------------------------------+-----
Armour         | 2 3 4 5 6 7 9 10 11 13 14 | 14.4
Spellcasting   | 1 2 3 4 5 6 7 8 9 10 | 10.1
Axes           | 2 3 4 5 8 |  8.0
Fighting       | 4 5 6 7 8 9 10 11 12 | 12.8
Dodging        | 1 2 |  2.5
Maces & Flails | 1 4 6 8 10 11 12 13 | 13.9
Stealth        | |  0.2
Invocations    | |  2.0

Action                   |  1- 3 |  4- 6 |  7- 9 | 10-12 | 13-15 | 16-18 || total
-------------------------+-------+-------+-------+-------+-------+-------++-------
Melee: Hand axe          |    80 |       |       |       |   621 |       ||   701
       War axe           |    27 |   170 |    82 |       |       |       ||   279
       Flail             |       |       |   368 |   818 |  1609 |   266 ||  3061
Throw: Tomahawk          |       |       |       |     1 |       |       ||     1
       Javelin           |       |       |       |       |     5 |       ||     5
Invok: Depart the Abyss  |     1 |       |       |       |       |       ||     1
       Banish            |       |       |       |     1 |     2 |     1 ||     4
       Bend Space        |       |       |       |       |     2 |       ||     2
  Use: Scroll            |     9 |     2 |     6 |    18 |    18 |       ||    53
       Potion            |       |     1 |       |       |     8 |     2 ||    11
  Eat: Chunk             |    17 |    21 |    27 |    99 |   270 |    38 ||   472
       Meat ration       |       |       |     1 |     1 |     3 |       ||     5
       Royal jelly       |       |       |       |     1 |       |       ||     1
Armor: Leather armour    |     9 |       |       |       |       |       ||     9
       Plate armour      |    54 |   151 |   429 |   740 |  1998 |   158 ||  3530
       Ring mail         |     2 |       |       |       |       |       ||     2
Dodge: Dodged            |    36 |    42 |   115 |   279 |   262 |    18 ||   752
Block: Buckler           |    12 |    28 |    90 |   141 |       |       ||   271
       Large shield      |       |       |       |   132 |  1491 |   126 ||  1749
